 Dungeon Crawl Stone Soup version 0.21-a0-361-g4efd3f9 (webtiles) character file.

34877 rosco the Fighter (level 13, -2/87 HPs)
             Began as a Gargoyle Gladiator on Oct 13, 2017.
             Was a High Priest of Okawaru.
             Slain by Rupert
             ... wielding a +6 great sword of holy wrath
              (17 damage)
             ... while paralysed by Rupert
             ... on level 4 of the Lair of Beasts.
             The game lasted 00:29:58 (13673 turns).

rosco the Fighter (Gargoyle Gladiator)             Turns: 13673, Time: 00:29:59

Health: -2/87      AC: 28    Str: 23    XL:     13   Next: 80%
Magic:  17/17      EV:  2    Int:  9    God:    Okawaru [*****.]
Gold:   643        SH:  0    Dex: 11    Spells: 12/12 levels left

rFire    . . .     SeeInvis .   I - +2 demon whip (venom)
rCold    + + .     Gourm    .   W - +0 shield
rNeg     + . .     Faith    .   N - +2 chain mail {rC+}
rPois    ∞         Spirit   .   g - +1 helmet
rElec    +         Reflect  .   h - scarf {repulsion}
rCorr    .         Harm     .   n - +0 pair of gloves
MR       +....                  B - +0 pair of boots
Stlth    ..........             (no amulet)
HPRegen  0.24/turn              i - ring of protection from cold
MPRegen  0.15/turn              v - ring of protection from magic

@: paralysed, repel missiles
A: negative energy resistance 1, electricity resistance, unbreathing,
petrification resistance, rot immunity, AC +9
a: Heroism, Finesse, Renounce Religion


You were on level 4 of the Lair of Beasts.
You worshipped Okawaru.
Okawaru was extremely pleased with you.
You were not hungry.

You visited 2 branches of the dungeon, and saw 14 of its levels.
You also visited: Bailey.

You collected 829 gold pieces.
You spent 186 gold pieces at shops.

Inventory:

Hand Weapons
 a - a +1 flail
 j - a cursed -2 hand crossbow
 z - a +1 flail of draining
 F - a +0 blowgun
 G - a +2 morningstar of protection
 I - a +2 demon whip of venom (weapon)
 V - a +1 arbalest of freezing
Missiles
 d - 5 throwing nets (quivered)
 m - 373 stones
 C - 81 poisoned needles
Armour
 g - a +1 helmet (worn)
 h - a scarf of repulsion (worn)
 l - a +0 large shield
 n - a +0 pair of gloves (worn)
 B - a +0 pair of boots (worn)
 N - a +2 chain mail of cold resistance (worn)
 W - a +0 shield (worn)
Jewellery
 i - a ring of protection from cold (left hand)
 v - a ring of protection from magic (right hand)
Wands
 q - a wand of polymorph (24/24)
 A - a wand of confusion (28/48)
 M - a wand of paralysis (7/24)
 P - a wand of polymorph (16/24)
 Q - a wand of iceblast (5/15)
 S - a wand of clouds (4/9)
 U - a wand of confusion (37/48)
 X - a wand of acid (11/15)
Scrolls
 b - a scroll of enchant weapon
 o - 4 scrolls of teleportation
 r - 5 scrolls of fog
 t - 4 scrolls of fear
 x - 2 scrolls of magic mapping
 y - 4 scrolls of remove curse
 H - 3 scrolls of recharging
 T - a scroll of identify
Potions
 c - 2 potions of cancellation
 k - 3 potions of agility
 p - 4 potions of curing
 s - a potion of magic
 w - a potion of degeneration
 D - 3 potions of heal wounds
 J - a potion of brilliance
 L - 2 potions of berserk rage
 O - a potion of might
Books
 e - a book of Unlife

   Spells                             Type                      Level
   a - Recall                         Summoning/Translocation      3
   b - Animate Dead                   Necromancy                   4
   c - Control Undead                 Necromancy                   4
   d - Cigotuvi's Embrace             Necromancy                   5
   e - Death Channel                  Necromancy                   6
   f - Simulacrum                     Ice/Necromancy               6
Comestibles
 f - 7 bread rations
 u - 9 royal jellies
 E - 7 meat rations
 K - 6 chunks of flesh
 R - 8 fruits


   Skills:
 + Level 12.7 Fighting
 - Level 12.4 Maces & Flails
 - Level 1.7 Throwing
 + Level 10.4 Armour
 - Level 2.4 Dodging
 + Level 10.3 Shields
 - Level 6.3 Invocations


You had 12 spell levels left.
You didn't know any spells.

Dungeon Overview and Level Annotations

Branches:
Dungeon (10/15)            Temple (0/1) D:4            Lair (4/6) D:8
  Swamp (0/4) Lair:3        Snake (0/4) Lair:2
    Orc: D:9-12

Altars:
Dithmenos
Elyvilon
Gozag
Okawaru
Sif Muna
Trog
Yredelemnul

Shops:
D:5 (

Annotations:
D:9 1 runed door
Lair:4 Rupert


Innate Abilities, Weirdness & Mutations

You are resistant to torment.
Your stone body is resilient. (AC +9)
You are immune to poison.
You resist negative energy. (rN+)
You are resistant to electric shocks. (rElec)
You can survive without breathing.
You are immune to petrification.
You are immune to rotting.


Message History

Rupert is severely wounded.
You closely miss Rupert.
Rupert is severely wounded.
You block Rupert's attack.
Rupert rages.
Your chain mail prevents you from hitting Rupert.
Rupert is severely wounded.
Rupert hits you with a great sword of holy wrath!
Unknown command.
Rupert rages.
Rupert is no longer berserk.
Rupert roars wildly at you.
You suddenly lose the ability to move!
Rupert screams, "Hurray!"
Rupert hits you with a great sword of holy wrath!
* * * LOW HITPOINT WARNING * * *
Rupert hits you with a great sword of holy wrath!
* * * LOW HITPOINT WARNING * * *
Rupert hits you with a great sword of holy wrath!
You die...

.....#.#.#.#####....#
....................#
........>...........#
....................#
....................#
........####.##.....#
....P#.## #####....#
.....### #.@...#
....## ##@...# ....#
### #....#
....###P########....#
....................##
.....................#
....................##
.....................#
#..P#.###...##.......#
####### ##.####.....##


You could see Rupert.

Vanquished Creatures
  Harold (Lair:3)
  A catoblepas (Lair:4)
  A hydra (Lair:4)
  2 two-headed ogres (D:8)
  The ghost of Duskembrace the Covert, a journeyman VSMo of Uskayaw (D:9)
  Nergalle (Lair:3)
  2 unseen horrors (D:10)
  A black mamba (Lair:2)
  7 spiny frogs
  3 komodo dragons
  4 hippogriffs
  4 blink frogs (Lair:1)
  17 yaks
  A human (D:9)
  4 hogs (D:9)
  5 nagas (Lair:2)
  A soldier ant (D:9)
  5 water moccasins
  6 porcupines
  4 orc warriors
  A black bear (D:10)
  2 ice beasts
  6 sky beasts
  5 ogres
  2 centaurs
  8 wolves
  6 crocodiles
  7 bullfrogs
  2 big kobolds
  A wyvern zombie (D:8)
  A wyvern skeleton (D:9)
  2 scorpions
  A water moccasin skeleton (D:4)
  10 killer bees (D:10)
  5 wights (D:7)
  2 electric eels
  2 howler monkeys
  2 centaur zombies
  2 crimson imps
  A bullfrog zombie (D:10)
  11 hounds
  A jelly (D:6)
  Crazy Yiuf (D:3)
  2 orc priests
  14 orc wizards
  3 iguanas
  15 worker ants
  A killer bee zombie (D:6)
  A hound zombie (D:5)
  A hound skeleton (D:8)
  3 worker ant zombies
  A howler monkey zombie (D:9)
  A howler monkey skeleton (D:7)
  16 adders
  13 gnolls (Bailey)
  A shadow imp (D:9)
  2 oozes
  3 adder skeletons
  An adder zombie (D:9)
  3 worms
  A dart slug (D:2)
  9 leopard geckos
  34 orcs
  8 bats
  13 giant cockroaches
  12 goblins
  15 hobgoblins
  20 jackals
  32 kobolds
  9 quokkas
  4 frilled lizards
  A jackal zombie (D:7)
  2 leopard gecko skeletons
  7 rats
400 creatures vanquished.

Vanquished Creatures (others)
  A plant (D:8)
1 creature vanquished.

Grand Total: 401 creatures vanquished

Notes
Turn   | Place    | Note
-------+----------+-------------------------------------------
     0 | D:1      | rosco the Gargoyle Gladiator began the quest for the Orb.
     0 | D:1      | Reached XP level 1. HP: 12/12 MP: 1/1
   299 | D:1      | Reached XP level 2. HP: 15/18 MP: 2/2
   523 | D:1      | Reached XP level 3. HP: 16/22 MP: 3/3
  1175 | D:2      | Found an iron altar of Okawaru.
  1186 | D:2      | Became a worshipper of Warmaster Okawaru
  1262 | D:2      | Reached XP level 4. HP: 28/28 MP: 4/4
  1793 | D:2      | Found a shadowy altar of Dithmenos.
  2069 | D:3      | Reached XP level 5. HP: 27/32 MP: 5/5
  2444 | D:3      | Reached skill level 5 in Maces & Flails
  2955 | D:3      | Found a runed door.
  3179 | D:3      | Noticed Crazy Yiuf
  3192 | D:3      | Killed Crazy Yiuf
  3511 | D:4      | Reached XP level 6. HP: 32/38 MP: 6/6
  3526 | D:4      | Found a staircase to the Ecumenical Temple.
  3876 | D:4      | Reached * piety under Okawaru
  4311 | D:5      | Entered Level 5 of the Dungeon
  4358 | D:5      | Reached XP level 7. HP: 43/44 MP: 7/7
  4372 | D:5      | Reached skill level 1 in Invocations
  4402 | D:5      | Reached skill level 5 in Fighting
  4494 | D:5      | Found a deep blue altar of Sif Muna.
  4503 | D:5      | Found a white marble altar of Elyvilon.
  4898 | D:5      | Found an opulent altar of Gozag.
  4909 | D:5      | Found Gioshoa's Weapon Shoppe.
  4923 | D:5      | Bought a +1 flail of draining for 186 gold pieces
  5179 | D:5      | Reached XP level 8. HP: 51/51 MP: 8/10
  5404 | D:6      | Reached ** piety under Okawaru
  5527 | D:6      | Noticed a yak
  5611 | D:6      | Killed a yak
  5611 | D:6      | Reached XP level 9. HP: 36/56 MP: 9/12
  6194 | D:7      | Reached *** piety under Okawaru
  6260 | D:7      | Reached skill level 5 in Invocations
  6483 | D:7      | Found a flagged portal.
  6498 | Bailey   | Entered a bailey
  6553 | Bailey   | Reached skill level 10 in Maces & Flails
  7170 | D:7      | Identified a scroll of acquirement
  7466 | D:7      | Reached **** piety under Okawaru
  7956 | D:8      | Reached XP level 10. HP: 64/64 MP: 11/14
  8093 | D:8      | Found a bloodstained altar of Trog.
  8150 | D:8      | Reached skill level 1 in Shields
  8191 | D:8      | Noticed a two-headed ogre
  8212 | D:8      | Killed a two-headed ogre
  8400 | D:8      | Noticed a two-headed ogre
  8413 | D:8      | Killed a two-headed ogre
  8413 | D:8      | Reached ***** piety under Okawaru
  8475 | D:8      | Found a staircase to the Lair.
  8881 | D:9      | Found a basalt altar of Yredelemnul.
  8938 | D:9      | Noticed Duskembrace's ghost (journeyman VSMo)
  8959 | D:9      | Killed Duskembrace's ghost
  8959 | D:9      | Received a gift from Okawaru
  8959 | D:9      | Reached XP level 11. HP: 61/71 MP: 15/15
  9251 | D:9      | Found a runed door.
  9261 | D:9      | Found a runed door.
  9401 | D:10     | Entered Level 10 of the Dungeon
  9612 | D:10     | Killed an unseen horror
  9720 | D:10     | Reached skill level 5 in Armour
  9720 | D:10     | Reached skill level 5 in Shields
  9859 | D:10     | Killed an unseen horror
 10180 | Lair:1   | Entered Level 1 of the Lair of Beasts
 10280 | Lair:1   | Reached skill level 10 in Fighting
 10324 | Lair:1   | Reached ****** piety under Okawaru
 10439 | Lair:1   | Received a gift from Okawaru
 10888 | Lair:1   | Reached XP level 12. HP: 75/79 MP: 16/16
 11440 | Lair:2   | Found a staircase to the Snake Pit.
 12046 | Lair:3   | Noticed Nergalle
 12057 | Lair:3   | Killed Nergalle
 12155 | Lair:3   | Found a staircase to the Swamp.
 12533 | Lair:3   | Noticed Harold
 12556 | Lair:3   | Killed Harold
 12887 | Lair:3   | Reached skill level 10 in Armour
 12887 | Lair:3   | Reached XP level 13. HP: 87/87 MP: 17/17
 13212 | Lair:4   | Reached skill level 10 in Shields
 13629 | Lair:4   | Received a gift from Okawaru
 13631 | Lair:4   | Noticed Rupert
 13668 | Lair:4   | Paralysed by Rupert for 7 turns
 13673 | Lair:4   | Slain by Rupert

Vault maps used:
D:1:      tarquinn_simple_flora_water_a, hangedman_decor_riveting, minivault_11
D:2:      grunt_dithmenos_smoke, old_standard_altar, first_bread,
          kennysheep_decorative_pillar
D:3:      minmay_checkerbox, uniq_crazy_yiuf_cottage
D:4:      temple_doors_cd, bh_chokoban
D:5:      lemuel_upstairs_altar, gammafunk_temple_overflow_forgotten,
          serial_shops, nicolae_shop_crystal, grunt_decor_arrowhead,
          corexii_shack
D:6:      kb_rosetta
D:7:      enter_bailey_3
D:8:      kennysheep_mini_moat, david_lair_shrubbed, minivault_27
D:9:      lemuel_insect_pit, basic_altar, grunt_livestock
Lair:1:   serial_bayou_shore_a, lemuel_fruit_fields
Lair:2:   minmay_snake_entry_guardpost_medium, infiniplex_staircase_pool,
          serial_bayou_shore_b
Lair:3:   swamp_mist, uniq_harold, uniq_nergalle
Lair:4:   uniq_rupert
Bailey:   bailey_axe_2, bailey

Skill      XL: |  1  2  3  4  5  6  7  8  9 10 11 12 13 |
---------------+----------------------------------------+-----
Maces & Flails | 4 5 6 7 9 10 11 12 | 12.4
Fighting       | 3 4 5 6 8 9 10 12 | 12.7
Invocations    | 2 4 6 |  6.3
Shields        | 4 6 9 10 | 10.3
Armour         | 4 6 10 | 10.4
Throwing       | |  1.7
Dodging        | |  2.4

Action                   |  1- 3 |  4- 6 |  7- 9 | 10-12 | 13-15 || total
-------------------------+-------+-------+-------+-------+-------++-------
Melee: Flail             |   142 |   200 |   394 |       |       ||   736
       Unarmed           |       |     3 |       |       |       ||     3
       Demon whip        |       |       |    64 |   676 |    96 ||   836
       Punch             |       |       |     1 |     3 |       ||     4
Throw: Throwing net      |       |     1 |     1 |       |       ||     2
Invok: Heroism           |       |       |    11 |    21 |     3 ||    35
  Use: Scroll            |     3 |     2 |    14 |     7 |       ||    26
       Potion            |       |       |     1 |     2 |     2 ||     5
 Stab: Held in net/web   |       |     1 |       |       |       ||     1
       Petrifying        |       |       |       |       |     2 ||     2
  Eat: Chunk             |     1 |    10 |     8 |     7 |       ||    26
       Bread ration      |       |       |     1 |     2 |     1 ||     4
Armor: Leather armour    |    71 |    48 |       |       |       ||   119
       Skin              |       |     1 |       |       |       ||     1
       Chain mail        |       |    45 |   291 |   249 |    25 ||   610
Dodge: Dodged            |   156 |    92 |   241 |   141 |    19 ||   649
       Deflected         |       |       |       |     2 |       ||     2
Block: Shield            |       |       |       |   102 |    37 ||   139

Table legend:
 A = Spawn XP
 B = Non-spawn XP
 C = Spawn XP percentage of total XP
 D = Spawn monster count
 E = Non-spawn monster count
 F = Spawn count percentage of total count
 G = Total turns spent on level
                    A         B        C        D         E        F      G
               +---------+---------+-------+---------+---------+-------+---------
         Total |       0 |   31067 |   0.0 |       0 |     400 |   0.0 | 13673
               +---------+---------+-------+---------+---------+-------+---------
           D:1 |       0 |      41 |   0.0 |       0 |      25 |   0.0 |   904
           D:2 |       0 |      70 |   0.0 |       0 |      27 |   0.0 |  1019
           D:3 |       0 |     159 |   0.0 |       0 |      27 |   0.0 |  1500
           D:4 |       0 |     311 |   0.0 |       0 |      14 |   0.0 |   888
           D:5 |       0 |     696 |   0.0 |       0 |      30 |   0.0 |   984
           D:6 |       0 |    1326 |   0.0 |       0 |      26 |   0.0 |   858
           D:7 |       0 |    1592 |   0.0 |       0 |      42 |   0.0 |  1191
           D:8 |       0 |    2845 |   0.0 |       0 |      24 |   0.0 |   852
           D:9 |       0 |    3102 |   0.0 |       0 |      43 |   0.0 |   729
          D:10 |       0 |    3266 |   0.0 |       0 |      34 |   0.0 |   728
        Lair:1 |       0 |    4703 |   0.0 |       0 |      21 |   0.0 |   971
        Lair:2 |       0 |    2824 |   0.0 |       0 |      18 |   0.0 |   895
        Lair:3 |       0 |    5228 |   0.0 |       0 |      20 |   0.0 |  1101
        Lair:4 |       0 |    4562 |   0.0 |       0 |      15 |   0.0 |   526
        Bailey |       0 |     342 |   0.0 |       0 |      34 |   0.0 |   527
               +---------+---------+-------+---------+---------+-------+---------
